 Dungeon Crawl Stone Soup version 0.27.1-4-g1640c2035a (webtiles) character file.

Game seed: 9551159226936952181

5611 TheGamechu the Blocker (level 10, 0/91 HPs)
             Began as a Minotaur Fighter on Nov 3, 2021.
             Was a Believer of Makhleb.
             Killed from afar by Maurice (21 damage)
             ... with a bolt of acid
             ... on level 9 of the Dungeon.
             The game lasted 00:28:45 (8377 turns).

TheGamechu the Blocker (Minotaur Fighter)           Turns: 8377, Time: 00:28:46

Health: 0/91       AC:  3    Str: 21    XL:     10   Next: 45%
Magic:  9/9        EV:  7    Int: 12    God:    Makhleb [**....]
Gold:   1430       SH: 13    Dex: 13    Spells: 9/9 levels left

rFire    + . .     SeeInvis +   a - +0 war axe
rCold    . . .     Faith    .   c - +1 kite shield
rNeg     . . .     Spirit   .   v - +0 chain mail
rPois    +         Reflect  .   (helmet restricted)
rElec    .         Harm     .   (no cloak)
rCorr    .         Rampage  .   y - +0 pair of gloves
Will     .....                  (no boots)
Stlth    ..........             l - amulet of regeneration
HPRegen  1.25/turn              b - ring of see invisible
MPRegen  0.11/turn              o - ring of Doemuj {rPois rF+ Int+7}

@: corroded
A: horns 2, retaliatory headbutt
a: Renounce Religion, Minor Destruction


You were on level 9 of the Dungeon.
You worshipped Makhleb.
Makhleb was pleased with you.
You visited 2 branches of the dungeon, and saw 10 of its levels.
You also visited: Ossuary.

You collected 1520 gold pieces.
You spent 90 gold pieces at shops.

Inventory:

Hand Weapons
 a - a +0 war axe (weapon)
Missiles
 e - 177 stones
 f - 11 poisoned darts (quivered)
Armour
 c - a +1 kite shield (worn)
 v - a +0 chain mail (worn)
 y - a +0 pair of gloves (worn)
Jewellery
 b - a ring of see invisible (left hand)
 g - a ring of willpower
 l - an amulet of regeneration (around neck)
 o - the ring of Doemuj (right hand) {rPois rF+ Int+7}
   (You acquired it in an ossuary)

   [ring of poison resistance]

   Int:       It affects your intelligence (+7).
   rF:        It protects you from fire.
   rPois:     It protects you from poison.
 A - a ring of protection from fire
Wands
 B - a wand of polymorph (7)
Scrolls
 i - a scroll of enchant weapon
 m - a scroll of magic mapping
 p - 2 scrolls of blinking
 s - 3 scrolls of teleportation
 u - a scroll of amnesia
 w - 2 scrolls of enchant armour
 D - a scroll of identify
Potions
 d - a potion of might
 h - a potion of haste
 j - 6 potions of lignification
 k - 6 potions of heal wounds
 q - a potion of resistance
 r - a potion of flight {unknown}
 t - 3 potions of curing
 x - a potion of mutation
 z - a potion of invisibility {unknown}
 C - a potion of brilliance {unknown}


   Skills:
 + Level 9.0 Fighting
 * Level 10.6 Axes
 + Level 5.3 Throwing
 - Level 6.0 Armour
 * Level 11.0 Shields


You had 9 spell levels left.
You didn't know any spells.
Your spell library contained the following spells:

 Spells                   Type           Power      Damage    Failure   Level
 Beastly Appendage        Tmut           0%         N/A       99%         1
 Magic Dart               Conj           0%         1d3       99%         1
 Call Imp                 Summ           0%         N/A       100%        2
 Wereblood                Tmut           0%         N/A       100%        2
 Mephitic Cloud           Conj/Pois/Air  0%         N/A       100%        3
 Spider Form              Tmut/Pois      0%         N/A       100%        3


Dungeon Overview and Level Annotations

Branches:
Dungeon (9/15)             Temple (1/1) D:6         Ossuary (visited)
   Lair: D:8-11         Orc: D:9-12

Altars:
Ashenzari
Cheibriados
Dithmenos
Elyvilon
Fedhas
Gozag
Hepliaklqana
Kikubaaqudgha
Makhleb
Nemelex Xobeh
Okawaru
Qazlal
Ru
Sif Muna
Trog
Uskayaw
Vehumet
Wu Jian
Xom
Yredelemnul
Zin
The Shining One

Shops:
D:7 (

Annotations:
D:9 Maurice


Innate Abilities, Weirdness & Mutations

You have a pair of horns on your head.
You reflexively headbutt those who attack you in melee.


Message History

Maurice is heavily wounded.
Maurice hits you with a +0 dagger.
Maurice steals 1 of your 2 scrolls of amnesia!
You hit Maurice but do no damage. Your headbutt misses Maurice.
Maurice is heavily wounded.
Maurice barely misses you.
You hit Maurice but do no damage. Your headbutt misses Maurice.
Maurice is heavily wounded.
You block Maurice's attack. x2
You hit Maurice but do no damage. You headbutt Maurice.
Maurice is heavily wounded.
You block Maurice's attack.
You slash Maurice!
Maurice is almost dead.
Maurice barely misses you.
You closely miss Maurice.
Maurice is almost dead.
Maurice zaps a wand.
The bolt of acid hits you! The acid corrodes you!
You are splashed with acid!
Your shield and chain mail prevent you from hitting Maurice.
Your headbutt misses Maurice.
Maurice is almost dead.
Maurice gestures wildly while chanting.
Maurice resists with some effort.
You miss Maurice. Your headbutt misses Maurice.
Maurice is almost dead.
Maurice zaps a wand.
The bolt of acid hits you!!
You are splashed with acid!
* * * LOW HITPOINT WARNING * * *
You are too injured to fight recklessly!
Okay, then.
Cleave: a) +0 war axe
Press: ? - help, Dir - move target, f/p - Maurice
Aim: Maurice, wielding a +0 dagger, wearing a +0 cloak and carrying a wand of acid (1) (almost dead, covering ground quickly, very poisoned, about 46% to evade your +0 war axe)
Okay, then.
Okay, then.
You are too injured to fight recklessly!
Press: ? - help, Shift-Dir - straight line, f/p - Maurice
Aim: Maurice, wielding a +0 dagger, wearing a +0 cloak and carrying a wand of acid (1) (almost dead, covering ground quickly, very poisoned)
You fail to use your ability.
Maurice zaps a wand.
The bolt of acid hits you!!
You die...

#<....#.#.### #.##########
#######...# #.....<..... ##.##
#..########. #.# #..# #. #.# #..#
#. #.## ########..# #. #.##.
..........# #. #.#...########.##
#. ### #.....(@@# #.# #. ..#
##...##.# #.#########. #.# ##
#.#####........... #.#
#.#.........#.##.. #.#####
#.#..##....###.#.. #.....#
#......[#.## ##..#
......#######.####..##....###.#.#
#..#'#.....................#.##.#
#.##.########.##.#...##.###.###.#


You could see Maurice (swift, very poisoned).

Vanquished Creatures
  A two-headed ogre (D:8)
  Pikel (D:8)
  Prince Ribbit (D:9)
  A shadow (D:9)
  5 yaks (D:9)
  A vampire (D:9)
  2 wyverns (D:9)
  A steam dragon (D:7)
  An acid dragon (D:9)
  A water moccasin (D:8)
  An orc warrior (D:7)
  The ghost of seaofthunder the Skirmisher, an amateur HOFi (D:3)
  2 ice beasts
  2 necrophages (D:7)
  4 centaurs
  An ogre (D:6)
  3 bullfrogs
  2 scorpions (D:5)
  A wyvern zombie (D:8)
  3 water moccasin zombies
  6 killer bees (D:8)
  2 howler monkeys
  A hound (D:5)
  A bullfrog zombie (D:6)
  2 centaur zombies
  A jelly (D:7)
  2 gnoll shamans
  2 orc priests
  A bullfrog skeleton (D:6)
  Jessica (D:2)
  5 iguanas
  An orc wizard (D:8)
  A hound skeleton (D:4)
  3 mummies
  A howler monkey zombie (D:7)
  7 gnolls
  8 adders
  A shadow imp (D:8)
  3 ufetubi
  9 adder zombies (Ossuary)
  3 worms (D:3)
  5 dart slugs
  11 orcs
  16 ball pythons
  5 bats
  12 endoplasms
  5 giant cockroaches
  11 goblins
  6 hobgoblins
  3 jackals (D:1)
  6 kobolds
  4 frilled lizards (D:1)
  8 gnoll zombies (Ossuary)
  3 hobgoblin zombies (Ossuary)
  5 kobold zombies (Ossuary)
  5 orc zombies (Ossuary)
  5 rats
206 creatures vanquished.

Notes
Turn   | Place    | Note
-------+----------+-------------------------------------------
     0 | D:1      | TheGamechu the Minotaur Fighter began the quest for the
                  | Orb.
     0 | D:1      | Reached XP level 1. HP: 19/19 MP: 0/0
   339 | D:1      | Reached XP level 2. HP: 27/27 MP: 1/1
   405 | D:1      | Reached skill level 4 in Shields
   581 | D:1      | Reached XP level 3. HP: 33/33 MP: 2/2
  1053 | D:2      | Noticed Jessica
  1058 | D:2      | Killed Jessica
  1059 | D:2      | Reached XP level 4. HP: 33/40 MP: 3/3
  1973 | D:3      | Identified a scroll of acquirement
  1973 | D:3      | Acquired 964 gold pieces
  2071 | D:3      | Reached XP level 5. HP: 40/47 MP: 4/4
  2146 | D:3      | Found a runed translucent door.
  2146 | D:3      | Noticed seaofthunder's ghost (amateur HOFi)
  2167 | D:3      | Killed seaofthunder's ghost
  2168 | D:3      | Reached skill level 5 in Fighting
  2168 | D:3      | Reached skill level 5 in Armour
  2168 | D:3      | Reached skill level 5 in Shields
  2476 | D:3      | Noticed an ice beast
  2524 | D:3      | Killed an ice beast
  2525 | D:3      | Reached XP level 6. HP: 48/56 MP: 5/5
  2610 | D:3      | Found a faded altar of an unknown god.
  3075 | D:4      | Found Zin's Purification Station.
  3075 | D:4      | Found a glowing silver altar of Zin.
  3092 | D:4      | Bought a potion of curing for 90 gold pieces
  3149 | D:4      | Found a sacrificial altar of Ru.
  3202 | D:4      | Found a shadowy altar of Dithmenos.
  3225 | D:4      | You fall into a shaft and drop 2 floors!
  3251 | D:6      | Reached skill level 5 in Axes
  3251 | D:6      | Reached XP level 7. HP: 56/62 MP: 6/6
  3283 | D:6      | Found a sand-covered staircase.
  3292 | Ossuary  | Entered an ossuary
  3390 | Ossuary  | Reached skill level 6 in Shields
  3446 | Ossuary  | Acquired the ring of Doemuj {rPois rF+ Int+7}
  3513 | D:6      | Found a staircase to the Ecumenical Temple.
  3536 | Temple   | Entered the Ecumenical Temple
  4103 | Temple   | Became a worshipper of Makhleb the Destroyer
  4334 | D:6      | Reached skill level 1 in Throwing
  4496 | D:5      | Entered Level 5 of the Dungeon
  5054 | D:5      | Reached XP level 8. HP: 71/71 MP: 7/7
  5149 | D:5      | Reached skill level 7 in Shields
  5899 | D:7      | Reached * piety under Makhleb
  5924 | D:7      | Found an iron altar of Okawaru.
  6042 | D:7      | Reached skill level 8 in Shields
  6092 | D:7      | Found a large runed translucent door.
  6093 | D:7      | Found a large runed translucent door.
  6117 | D:7      | Found Hallonuf's Firing Range.
  6784 | D:7      | Found a blossoming altar of Fedhas.
  6789 | D:7      | Found a shimmering altar of Xom.
  6825 | D:8      | Reached XP level 9. HP: 79/79 MP: 8/8
  7048 | D:8      | Reached skill level 9 in Shields
  7073 | D:8      | Found a sparkling altar of Nemelex Xobeh.
  7075 | D:8      | Noticed Pikel
  7081 | D:8      | Noticed a two-headed ogre
  7092 | D:8      | Killed Pikel
  7125 | D:8      | Killed a two-headed ogre
  7126 | D:8      | Reached skill level 10 in Shields
  7817 | D:9      | Found a hazy altar of Hepliaklqana.
  7830 | D:9      | Reached XP level 10. HP: 90/90 MP: 9/9
  7834 | D:9      | Found an ancient bone altar of Kikubaaqudgha.
  7883 | D:9      | Reached skill level 10 in Axes
  7906 | D:9      | Reached ** piety under Makhleb
  7912 | D:9      | Reached skill level 5 in Throwing
  7947 | D:9      | Found a broken altar of Ashenzari.
  8055 | D:9      | Noticed Prince Ribbit
  8100 | D:9      | Killed Prince Ribbit
  8101 | D:9      | Reached skill level 11 in Shields
  8364 | D:9      | Noticed Maurice
  8377 | D:9      | Killed from afar by Maurice

Illustrated notes

Levels and vault maps discovered:
D:1:      dpeg_arrival_lava_temple_mockup, layout_loops_ring
D:2:      layout_basic, minmay_indecisive_spiral, uniq_jessica
D:3:      layout_basic, gammafunk_ghost_grave,
          hellmonk_ecumenical_altar_inner_sanctum, minmay_quantized
D:4:      layout_gridville, nicolae_dithmenos_shadow_blocks,
          nicolae_ru_sacrificial_ziggurat, zin_purify, dk_noncrumbling_4,
          kennysheep_boxes
D:5:      layout_loops_ring, sigmund_army
D:6:      layout_basic, minmay_temple_entry_mini_moons,
          gup_ossuary_entry_pyramid
D:7:      layout_basic, mainiacjoe_overflow_chevrons, jmf_multi_god_temple2,
          minivault_19, nicolae_shop_firing_range
D:8:      layout_cave_pools, nemelex_xobeh_ov_fountains_minmay,
          kennysheep_generic_room_7, uniq_pikel
D:9:      layout_loops_ring, kennysheep_mini_moat,
          mainiacjoe_overflow_large_starburst, nzn_life_drinkers,
          uniq_prince_ribbit1, uniq_maurice
Temple:   minmay_temple_bridge_abc

Skill      XL: |  1  2  3  4  5  6  7  8  9 10 |
---------------+-------------------------------+-----
Armour         | 4 5 6 |  6.0
Shields        | 4 5 6 8 10 11 | 11.0
Fighting       | 4 5 6 7 8 9 |  9.0
Axes           | 3 4 5 6 8 9 10 | 10.6
Throwing       | 1 3 4 5 |  5.3

Action                   |  1- 3 |  4- 6 |  7- 9 | 10-12 || total
-------------------------+-------+-------+-------+-------++-------
Melee: War axe           |    78 |   165 |   267 |    78 ||   588
       Headbutt          |     7 |    30 |    49 |    17 ||   103
Throw: Stone             |     2 |       |     5 |       ||     7
       Dart              |     4 |     4 |    14 |    10 ||    32
  Use: Scroll            |     3 |     6 |    11 |       ||    20
Armor: Scale mail        |    47 |    61 |    65 |       ||   173
       Chain mail        |       |       |    50 |    31 ||    81
Dodge: Dodged            |    26 |    55 |    75 |    41 ||   197
Block: Kite shield       |    44 |    97 |   176 |    70 ||   387
